 Dungeon Crawl Stone Soup version 0.25-a0-802-g0be837a (webtiles) character file.

Game seed: 14939152088698806872, levelgen mode: deterministic

44605 2tousent the Spry (level 13, -20/68 HPs)
             Began as a Felid Berserker on Apr 17, 2020.
             Was the Champion of Trog.
             Demolished by a spriggan rider
             ... wielding a +0 spear
              (28 damage)
             ... on level 1 of the Swamp on Apr 18, 2020.
             The game lasted 01:31:58 (29290 turns).

2tousent the Spry (Felid Berserker)                Turns: 29290, Time: 01:31:59

Health: -20/68     AC:  3    Str: 13    XL:     13   Next: 97%
Magic:  0/21       EV: 34    Int:  9    God:    Trog [******]
Gold:   1265       SH:  0    Dex: 20    Spells: 12/12 levels left
                                        Lives:  0   Deaths: 4

rFire    + . .     SeeInvis +     - Unarmed
rCold    + . .     Gourm    .   (shield unavailable)
rNeg     . . .     Faith    .   (armour unavailable)
rPois    .         Spirit   +   (helmet unavailable)
rElec    .         Reflect  .   (cloak unavailable)
rCorr    .         Harm     .   (gloves unavailable)
MR       +....                  (boots unavailable)
Stlth    ++++++....             g - amulet of guardian spirit
HPRegen  0.21/turn              p - ring of protection from fire
MPRegen  0.17/turn              N - ring of flight

@: berserk cooldown, slowed, studying Evocations, slow
A: very small, no armour, no weapons or thrown items, stealth, claws 1, fangs 3,
see invisible, carnivore, speed 1, shaggy fur 3, slow metabolism 1, sharp paws
a: Berserk, Trog's Hand, Brothers in Arms, Renounce Religion, Evoke Flight


You were on level 1 of the Swamp.
You worshipped Trog.
Trog was exalted by your worship.
You were not hungry.

You visited 4 branches of the dungeon, and saw 24 of its levels.
You also visited: Volcano.

You collected 2817 gold pieces.
You spent 1552 gold pieces at shops.

Inventory:

Jewellery
 c - an uncursed amulet of magic regeneration
 g - an amulet of guardian spirit (around neck)
 o - an uncursed ring of see invisible
 p - a ring of protection from fire (left paw)
 u - an uncursed ring of ice
 v - an uncursed ring of see invisible
 x - a cursed ring of teleportation
 K - an uncursed ring of ice
 N - a ring of flight (right paw)
 R - an uncursed ring of magical power
 S - an uncursed ring of ice
Wands
 h - a wand of flame (14)
 n - a wand of enslavement (12)
 w - a wand of acid (10)
 B - a wand of iceblast (21)
 E - a wand of random effects (48)
 F - a wand of paralysis (38)
 G - a wand of digging (8)
Scrolls
 b - 7 scrolls of teleportation
 d - 6 scrolls of enchant armour
 e - 2 scrolls of fog
 j - 6 scrolls of remove curse
 q - 2 scrolls of fear
 I - a scroll of silence
 J - a scroll of summoning
 L - 2 scrolls of random uselessness
 M - a scroll of vulnerability
 Q - 6 scrolls of identify
Potions
 f - 13 potions of curing
 i - 7 potions of degeneration
 l - a potion of ambrosia
 m - 4 potions of lignification
 r - 2 potions of might
 s - 2 potions of resistance
 t - a potion of haste
 z - 2 potions of stabbing
 D - 2 potions of brilliance
 H - 2 potions of berserk rage
 O - 3 potions of heal wounds
 P - 2 potions of flight
Books
 k - a manual of Evocations
Miscellaneous
 y - 2 boxes of beasts
 A - a phantom mirror
 C - a phial of floods
 T - a tin of tremorstones
Comestibles
 a - 57 rations


   Skills:
 * Level 14.3 Fighting
 * Level 18.0 Dodging
 + Level 14.0 Stealth
 * Level 14.3 Unarmed Combat
 * Level 10.3 Evocations


You had 12 spell levels left.
You didn't know any spells.
Your spell library was empty.

Dungeon Overview and Level Annotations

Branches:
Dungeon (15/15)            Temple (0/1) D:6            Lair (6/6) D:11
  Swamp (1/4) Lair:2        Snake (0/4) Lair:3        Slime (0/5) Lair:6
    Orc (2/2) D:12            Elf (0/3) Orc:2        Vaults (0/5) D:13
 Depths (0/5) D:15        Volcano (visited)

Altars:
Dithmenos
Elyvilon
Fedhas
Hepliaklqana
Nemelex Xobeh
Qazlal
Ru
Sif Muna
Trog
Vehumet
Wu Jian

Shops:
D:5 =   D:7 }   D:9 ?   D:10 *   D:13 ?   Orc:1 =   Orc:2 ![((

Annotations:
D:10 2 transporters, catcat's ghost, journeyman HOAK
D:15 1 runed translucent door, Hyrr's ghost, journeyman MiFi
Lair:3 3 runed translucent doors, Reastril's ghost, journeyman GnWz; Ydiytruq's ghost, journeyman OpFi; Yrioteaj's ghost, journeyman TrTm
Lair:6 exclusion: oklob plant


Innate Abilities, Weirdness & Mutations

You cannot wear armour.
You are incapable of wielding weapons or throwing items.
Your paws allow you to move quietly. (Stealth)
You have sharp claws.
You have razor-sharp teeth.
You have supernaturally acute eyesight. (SInv)
You are carnivorous and can eat meat at any time.
You cover ground quickly.
Your thick and shaggy fur keeps you warm. (AC +3, rC+)
You have a slow metabolism.
Your sharp claws are effective at attacking unaware monsters.


Message History

* * * LOW HITPOINT WARNING * * *
You miss the spriggan rider.
The spriggan rider is lightly wounded.
You claw the spriggan rider! Your claw misses the spriggan rider.
The spriggan rider is moderately wounded.
The spriggan rider hits you from afar with a cursed +0 spear.
* * * LOW HITPOINT WARNING * * *
The shadow hits you.
* * * LOW HITPOINT WARNING * * *
The spriggan completely misses you.
The spriggan rider completely misses you.
You are no longer berserk.
You are exhausted.
You feel yourself slow down. The spriggan rider misses you.
Your stone giant goes berserk!
You feel quite a bit more hungry.
The spriggan hits you from afar with a +0 spear!
* * * LOW HITPOINT WARNING * * *
The spriggan rider hits you from afar with a +0 spear!!
You die...

♣♣♣ ♣♣♣♣≈♣♣♣♣♣♣ ≈§≈♣≈ ♣♣≈♣♣
♣......♣♣≈♣♣.≈≈.≈ ≈.≈.♣♣
♣..≈≈≈≈....≈≈$≈≈... .≈≈..♣
♣≈≈§≈≈≈≈...♣≈≈..... ♣...♣♣
♣≈≈≈≈≈≈≈≈≈.♣...≈§.. ♣[..♣♣
♣≈.♣♣...≈≈.....≈..≈
≈♣..≈♣♣♣♣♣..♣♣♣i♣≈i........≈≈
..≈≈..≈.♣♣≈.≈♣...Wi≈≈..≈≈..≈≈
..≈≈.≈≈...≈..≈≈C@#≈.≈..≈≈...$
♣...≈≈≈≈≈≈....≈.(#≈≈≈.......
.≈≈≈≈≈≈≈≈≈≈≈.≈♣.##.†...≈≈≈♣
≈≈≈≈≈.≈≈≈≈≈≈.♣...#..≈..≈.♣♣
§≈≈≈≈.≈..≈..≈...##......♣≈≈
≈≈≈≈≈..≈≈.≈♣....##....♣♣♣ ♣
≈≈≈≈≈.♣≈≈.#####..#.###.#
.≈≈≈.♣♣...##.########.##
≈≈≈≈.♣.≈.≈≈≈.....#....♣♣♣


You could see 2 spriggan riders, a spriggan, a shadow and a friendly stone giant
(berserk).

Vanquished Creatures
  Rupert (Lair:6)
  A ghost moth (shapeshifter) (D:15)
  Louise (D:15)
  4 slime creatures
  A vault guard (D:13)
  8 hydras
  A rakshasa (D:14)
  5 centaur warriors
  A two-headed ogre (D:9)
  3 alligators (Swamp:1)
  Urug (D:12)
  3 tengu warriors
  2 orc high priests (Orc:2)
  Nergalle (Lair:4)
  Sonja (Lair:1)
  3 unseen horrors
  8 orc knights
  2 lindwurms
  Pikel (D:7)
  3 cyclopes
  A wolf spider zombie (D:13)
  A wolf spider (D:9)
  8 orc sorcerers
  5 ugly things
  2 manticores
  5 elephants
  2 black mambas
  A gargoyle (D:15)
  9 spiny frogs
  2 yaktaurs (Volcano)
  2 rime drakes
  An efreet (D:15)
  6 komodo dragons
  8 trolls
  2 tengu conjurers
  A wind drake (shapeshifter) (D:13)
  2 tyrant leeches (Swamp:1)
  8 hornets
  3 polar bears
  Prince Ribbit (D:7)
  3 blink frogs (Lair:1)
  A dream sheep (Lair:6)
  5 hippogriffs
  A bog body (Lair:2)
  A snapping turtle (shapeshifter) (D:15)
  11 spriggans (Lair:6)
  2 centaur simulacra (D:10)
  2 shadows
  Sigmund (D:3)
  4 wraiths (D:15)
  A vampire (D:14)
  4 wyverns
  51 yaks
  A hog (shapeshifter) (D:11)
  4 basilisks
  3 hungry ghosts
  5 insubstantial wisps (Swamp:1)
  3 wargs
  3 swamp worms (Swamp:1)
  2 acid dragons
  A soldier ant (shapeshifter) (D:9)
  9 water moccasins
  22 orc warriors
  8 porcupines
  2 swamp drakes (Swamp:1)
  4 black bears (Lair:6)
  An eye of draining (D:13)
  4 ice beasts
  A sky beast (D:15)
  2 phantoms (D:8)
  3 necrophages (D:7)
  15 ogres
  19 wolves (Lair:6)
  5 boggarts
  8 centaurs
  17 crocodiles
  21 bullfrogs
  2 big kobolds
  Blork the orc (D:6)
  A water moccasin skeleton (D:8)
  A scorpion (D:4)
  5 killer bees (D:13)
  2 wights (D:7)
  3 electric eels
  7 howler monkeys
  10 crimson imps
  3 bullfrog zombies
  2 quasits
  4 centaur skeletons
  4 bullfrog skeletons
  3 jellies
  5 centaur zombies
  8 hounds
  17 orc priests
  Crazy Yiuf (D:3)
  Jessica (D:3)
  4 iguanas
  20 orc wizards
  8 worker ants
  A hound skeleton (D:10)
  A mummy (D:7)
  Robin (D:3)
  3 howler monkey skeletons
  20 gnolls
  14 adders
  7 shadow imps
  3 white imps (D:10)
  A worker ant simulacrum (D:10)
  An ufetubus (D:10)
  An ooze (D:1)
  An adder skeleton (D:5)
  2 dart slugs (D:3)
  3 leopard geckos
  73 orcs
  4 giant cockroaches
  13 goblins
  6 hobgoblins
  4 jackals (D:8)
  7 kobolds
  A quokka (D:3)
  A ball python (D:6)
  7 bats
  3 frilled lizards
  A leopard gecko skeleton (D:5)
  3 rats
665 creatures vanquished.

Vanquished Creatures (collateral kills)
  Frances (D:12)
  A yaktaur captain (D:15)
  An ice dragon (D:9)
  A centaur warrior (Volcano)
  An orc high priest (Orc:2)
  A hell knight (Volcano)
  2 orc knights
  An ugly thing (D:11)
  A cyclops (D:15)
  3 elephants (Lair:4)
  A gargoyle (D:11)
  A black mamba (Lair:1)
  2 spiny frogs
  A yaktaur (Volcano)
  A troll (D:15)
  3 yaks (D:12)
  A vampire (D:14)
  A spriggan (Lair:6)
  A soldier ant (D:11)
  3 orc warriors
  A centaur (Volcano)
  2 gnoll sergeants (D:11)
  2 crimson imps (D:11)
  2 orc priests
  3 orc wizards
  An iguana (D:9)
  An adder (D:11)
  8 gnolls
  An orc (D:12)
49 creatures vanquished.

Vanquished Creatures (others)
  4 slaves (D:7)
  A jelly (D:7)
  A gnoll shaman (D:7)
  A gnoll (D:7)
  A leopard gecko (D:3)
  9 fungi
  7 plants
  5 toadstools (D:15)
  4 withered plants (Lair:3)
33 creatures vanquished.

Grand Total: 747 creatures vanquished

Notes
Turn   | Place    | Note
-------+----------+-------------------------------------------
     0 | D:1      | 2tousent the Felid Berserker began the quest for the Orb.
     0 | D:1      | Reached XP level 1. HP: 10/10 MP: 2/2
    95 | D:1      | Reached XP level 2. HP: 14/14 MP: 3/3
   554 | D:2      | Reached skill level 1 in Stealth
   554 | D:2      | Reached XP level 3. HP: 9/17 MP: 4/4
  1043 | D:2      | Found a hazy altar of Hepliaklqana.
  1320 | D:2      | Reached XP level 4. HP: 19/22 MP: 5/5
  1377 | D:2      | Found a sacrificial altar of Ru.
  1469 | D:2      | Reached ** piety under Trog
  1611 | D:3      | Noticed Jessica
  1619 | D:3      | Killed Jessica
  1619 | D:3      | Reached skill level 5 in Dodging
  1797 | D:3      | Noticed a bullfrog
  1807 | D:3      | Killed a bullfrog
  1807 | D:3      | Reached XP level 5. HP: 25/25 MP: 6/6
  1971 | D:3      | Noticed Robin
  1989 | D:3      | Killed Robin
  2246 | D:3      | Gained mutation: You are covered in thick fur. (AC +2)
                  | [Felid growth]
  2246 | D:3      | Reached XP level 6. HP: 29/29 MP: 7/7
  2303 | D:3      | Found a runed translucent door.
  2304 | D:3      | Noticed Crazy Yiuf
  2339 | D:3      | Killed Crazy Yiuf
  2339 | D:3      | Reached skill level 6 in Dodging
  2457 | D:3      | Found a shimmering blue altar of Sif Muna.
  2604 | D:3      | Found a blossoming altar of Fedhas.
  2678 | D:3      | Noticed Sigmund
  2696 | D:3      | Killed Sigmund
  2958 | D:4      | Reached skill level 5 in Fighting
  2958 | D:4      | Reached skill level 5 in Unarmed Combat
  2958 | D:4      | Reached XP level 7. HP: 33/33 MP: 8/8
  3094 | D:4      | Found a white marble altar of Elyvilon.
  3473 | D:4      | Found a sparkling altar of Nemelex Xobeh.
  3942 | D:5      | Entered Level 5 of the Dungeon
  3998 | D:5      | Reached skill level 7 in Dodging
  4073 | D:5      | Found Tericiof's Jewellery Emporium.
  4395 | D:5      | Found a radiant altar of Vehumet.
  4663 | D:5      | Reached *** piety under Trog
  4822 | D:5      | Reached XP level 8. HP: 26/38 MP: 4/9
  4951 | D:5      | Reached skill level 5 in Stealth
  4954 | D:5      | Reached skill level 8 in Dodging
  5657 | D:6      | Reached skill level 9 in Dodging
  5696 | D:6      | Found a staircase to the Ecumenical Temple.
  5728 | D:6      | Noticed Blork the orc
  5738 | D:6      | Killed Blork the orc
  5738 | D:6      | Reached XP level 9. HP: 42/42 MP: 10/10
  6078 | D:7      | Found an ornate altar of the Wu Jian Council.
  6119 | D:7      | Found a shadowy altar of Dithmenos.
  6234 | D:7      | Noticed Pikel
  6261 | D:7      | Killed Pikel
  6261 | D:7      | Reached skill level 10 in Dodging
  6547 | D:7      | Reached **** piety under Trog
  6885 | D:7      | Noticed Prince Ribbit
  7105 | D:7      | Found Qyacible's Gadget Emporium.
  7108 | D:7      | Bought a box of beasts for 240 gold pieces
  7128 | D:7      | Killed Prince Ribbit
  7264 | D:8      | Reached XP level 10. HP: 45/48 MP: 11/11
  7423 | D:8      | Reached skill level 1 in Evocations
  7830 | D:8      | Found the +0 staff of Battle
  8047 | D:9      | Reached skill level 11 in Dodging
  8270 | D:9      | Noticed a two-headed ogre
  8274 | D:9      | Killed a two-headed ogre
  8385 | D:9      | Found Pixysig's Magic Scroll Shop.
  8393 | D:9      | Bought a scroll of identify for 28 gold pieces
  8393 | D:9      | Bought a scroll of identify for 28 gold pieces
  8393 | D:9      | Bought a scroll of identify for 28 gold pieces
  8533 | D:9      | Noticed an ice dragon
  8534 | D:9      | Killed from afar by an ice dragon
  8535 | D:9      | Reached XP level 9. HP: -12/45 MP: 0/12
  8657 | D:9      | Reached XP level 10. HP: 25/49 MP: 3/13
  8894 | D:9      | Noticed a four-headed hydra
  8907 | D:9      | Killed a four-headed hydra
  8907 | D:9      | Reached skill level 12 in Dodging
  8909 | D:9      | Noticed a wolf spider
  8923 | D:9      | HP: 3/73 [wolf spider (3)]
  8923 | D:9      | Slain by a wolf spider
  8924 | D:9      | Reached XP level 9. HP: 0/69 MP: 0/12
  8943 | D:9      | Reached ***** piety under Trog
  8983 | D:9      | Noticed an orc knight
  9002 | D:10     | Entered Level 10 of the Dungeon
  9588 | D:10     | Noticed a queen bee
  9612 | D:10     | Found a transporter.
  9615 | D:10     | Noticed catcat's ghost (journeyman HOAK)
  9616 | D:10     | Found a transporter.
  9639 | D:10     | Reached XP level 10. HP: 24/51 MP: 3/13
  9943 | D:10     | Found Nuxogrit's Elemental Accessories.
 10335 | D:9      | Killed an orc knight
 10546 | D:9      | Killed an ice dragon
 10673 | D:9      | Found a stormy altar of Qazlal.
 10839 | D:9      | Reached skill level 10 in Fighting
 10845 | D:9      | Reached skill level 10 in Unarmed Combat
 11084 | D:9      | Killed a wolf spider
 11597 | D:11     | Noticed a cyclops
 11609 | D:11     | Killed a cyclops
 11634 | D:11     | Identified the +3 falchion of Quick Death {vorpal, Stlth+}
 11710 | D:11     | Noticed a gargoyle
 11718 | D:11     | Noticed a white ugly thing
 11723 | D:11     | Killed a gargoyle
 11723 | D:11     | Reached skill level 13 in Dodging
 11725 | D:11     | Killed a white ugly thing
 11964 | D:11     | Found a staircase to the Lair.
 11970 | D:11     | Noticed an unseen horror
 11986 | D:11     | Reached XP level 11. HP: 36/55 MP: 10/15
 11999 | D:11     | HP: 1/55 [unseen horror (9)]
 12001 | D:11     | Killed an unseen horror
 12001 | D:11     | Reached skill level 10 in Stealth
 12434 | Lair:1   | Entered Level 1 of the Lair of Beasts
 12444 | Lair:1   | Reached skill level 5 in Evocations
 12502 | Lair:1   | You fall into a shaft and drop 1 floor!
 12502 | Lair:2   | Found a staircase to the Swamp.
 12567 | Lair:1   | Noticed Sonja
 12571 | Lair:1   | Your ally died
 12822 | Lair:1   | Noticed a five-headed hydra
 12828 | Lair:1   | Killed a five-headed hydra
 13429 | Lair:2   | Noticed a six-headed hydra
 13558 | Lair:1   | Reached skill level 14 in Dodging
 13607 | Lair:2   | Killed a six-headed hydra
 14278 | Lair:3   | Gained mutation: Your thick and shaggy fur keeps you warm.
                  | (AC +3, rC+) [Felid growth]
 14278 | Lair:3   | Reached XP level 12. HP: 51/60 MP: 12/16
 14319 | Lair:3   | Found a dark tunnel.
 14474 | Volcano  | Entered a volcano
 14579 | Volcano  | Noticed a centaur warrior
 14582 | Volcano  | Found a bloodstained altar of Trog.
 14616 | Volcano  | Killed a centaur warrior
 15112 | Lair:3   | Noticed a six-headed hydra
 15120 | Lair:3   | Killed a six-headed hydra
 15125 | Lair:3   | HP: 2/60 [porcupine's spines (5)]
 15446 | Lair:3   | Found a runed translucent gate.
 15446 | Lair:3   | Found a runed translucent gate.
 15446 | Lair:3   | Found a runed translucent gate.
 15530 | Lair:3   | Found a staircase to the Snake Pit.
 15549 | Lair:3   | Noticed Reastril's ghost (journeyman GnWz)
 15549 | Lair:3   | Noticed Yrioteaj's ghost (journeyman TrTm)
 15550 | Lair:3   | Noticed Ydiytruq's ghost (journeyman OpFi)
 16052 | Lair:4   | You fall into a shaft and drop 1 floor!
 16056 | Lair:5   | Noticed a six-headed hydra
 16064 | Lair:5   | Killed a six-headed hydra
 16234 | Lair:5   | Noticed an eight-headed hydra
 16242 | Lair:5   | Killed an eight-headed hydra
 16242 | Lair:5   | Reached skill level 15 in Dodging
 17669 | Lair:4   | Noticed Nergalle
 17676 | Lair:4   | Killed Nergalle
 17676 | Lair:4   | Reached XP level 13. HP: 61/64 MP: 18/18
 18407 | Lair:6   | Entered Level 6 of the Lair of Beasts
 18678 | Lair:6   | Mangled by a spriggan rider
 18679 | Lair:6   | Reached XP level 12. HP: -6/61 MP: 0/17
 19494 | Lair:6   | Reached skill level 16 in Dodging
 19730 | Lair:6   | Paralysed by a hornet for 1 turns
 20081 | Lair:6   | Found a staircase to the Slime Pits.
 20300 | Lair:6   | Noticed Rupert
 20308 | Lair:6   | Killed Rupert
 20308 | Lair:6   | Reached XP level 13. HP: 62/65 MP: 19/19
 20846 | D:12     | Noticed Frances
 20848 | D:12     | Noticed Urug
 21019 | D:12     | Killed Urug
 21177 | D:12     | Found a staircase to the Orcish Mines.
 21205 | D:12     | Identified a scroll of acquirement
 21208 | D:12     | Identified the ring of the Ban {MR+ Str+3} (You acquired it
                  | on level 12 of the Dungeon)
 21325 | D:12     | HP: 2/66 [Frances/iron shot (31)]
 21325 | D:12     | Killed Frances
 21656 | D:12     | Found a bloodstained altar of Trog.
 21791 | Orc:1    | Entered Level 1 of the Orcish Mines
 21791 | Orc:1    | Found Oklejost's Jewellery Shoppe.
 22351 | Orc:2    | Entered Level 2 of the Orcish Mines
 22545 | Orc:2    | Found a staircase to the Elven Halls.
 23232 | Orc:2    | Found Quyl Mal's Antique Weapon Shoppe.
 23246 | Orc:2    | Reached skill level 17 in Dodging
 23249 | Orc:2    | Found Gasor's Antique Armour Boutique.
 23254 | Orc:2    | Found Dod Haeso's Weapon Shoppe.
 23255 | Orc:2    | Found Rapred's Distillery.
 23350 | Orc:2    | Bought 2 potions of heal wounds for 130 gold pieces
 23378 | Orc:2    | Bought a potion of heal wounds for 65 gold pieces
 23378 | Orc:2    | Bought a potion of flight for 39 gold pieces
 23980 | D:13     | Reached XP level 14. HP: 48/70 MP: 12/21
 24494 | D:13     | Found a gate to the Vaults.
 25039 | D:13     | Found Itema's Magic Scroll Boutique.
 25057 | D:13     | Bought a scroll of identify for 26 gold pieces
 25057 | D:13     | Bought a scroll of identify for 26 gold pieces
 25220 | D:13     | Upgraded the game from 0.25-a0-786-g5b70d41 to
                  | 0.25-a0-802-g0be837a
 25367 | D:14     | Reached ****** piety under Trog
 26325 | D:15     | Entered Level 15 of the Dungeon
 26387 | D:15     | Found a runed translucent door.
 26390 | D:15     | Noticed Hyrr's ghost (journeyman MiFi)
 26393 | D:15     | Identified the +7 spear "Matis" {antimagic, Str+2}
 26569 | D:15     | Noticed Louise
 26586 | D:15     | Killed Louise
 26982 | D:15     | Noticed a ghost moth
 26982 | D:15     | a death yak changed into a ghost moth
 26996 | D:15     | Killed a ghost moth
 26996 | D:15     | Reached skill level 10 in Evocations
 27440 | D:15     | Found a staircase to the Depths.
 28049 | D:5      | Bought an uncursed ring of flight for 210 gold pieces
 28230 | Swamp:1  | Entered Level 1 of the Swamp
 28390 | D:7      | Bought a box of beasts for 240 gold pieces
 28390 | D:7      | Bought a wand of acid (9) for 312 gold pieces
 28390 | D:7      | Bought a wand of paralysis (13) for 180 gold pieces
 28924 | Swamp:1  | Reached skill level 18 in Dodging
 29215 | Swamp:1  | Slain by a spriggan rider
 29216 | Swamp:1  | Reached XP level 13. HP: 0/102 MP: 0/21
 29290 | Swamp:1  | Demolished by a spriggan rider

Levels and vault maps discovered:
D:1:      kennysheep_arrival_forest, layout_basic, minmay_hedge_maze,
          grunt_decor_cap
D:2:      layout_basic, lemuel_coloured_pillars_altar,
          nicolae_ru_the_path_less_chosen, first_ration, minmay_3d_cube
D:3:      layout_basic, led_sif_book, lemuel_doored_altar, serial_glass,
          glass_columns_a, glass_columns_a, glass_columns_b, glass_columns_a,
          glass_columns_a, glass_columns_b, glass_columns_a, glass_columns_b,
          lemuel_flame_loot_1, uniq_robin, uniq_crazy_yiuf_cottage,
          uniq_sigmund, uniq_jessica
D:4:      layout_basic, kennysheep_little_box, elyvilon_altar_3,
          eino_tiny_chamber
D:5:      layout_rooms, overflow_temple_1_default, serial_shops, shop, hex_large
D:6:      layout_loops_corners, minmay_temple_entry_drinking_statues,
          hangedman_abyss_or_decor_stagger, uniq_blork_the_orc
D:7:      layout_rooms, lemuel_crystal_altar, serial_shops, kennysheep_mini,
          serial_undead, serial_undead_c, serial_undead_e, serial_undead_f,
          serial_undead_f, serial_undead_b, serial_undead_e, grunt_ogre_cave,
          grunt_dithmenos_smoke, uniq_pikel, uniq_prince_ribbit1
D:8:      cheibrodos_helix_gallery, layout_basic
D:9:      minmay_chopped_fan, layout_basic, lemuel_crystal_altar, serial_shops,
          shop_fountains, special_room [special_room_orc]
D:10:     layout_roguey, gammafunk_ghost_hive, serial_ice, serial_ice_g,
          serial_ice_e, serial_ice_m, serial_ice_d, serial_ice_l, serial_ice_o,
          nicolae_elemental_shop, hangedman_glass_teeth
D:11:     layout_basic, lair_entry_dummy
D:12:     layout_cave_pools, orc_0_dummy, serial_column_ruins,
          column_ruins_temple_circle, column_ruins_columns_straight,
          column_ruins_columns_straight, column_ruins_open_small,
          column_ruins_grid_1, column_ruins_open_small,
          column_ruins_corridor_straight, uniq_frances, uniq_urug
D:13:     layout_stronghold, david_vaults_5, serial_shops, shop_statue
D:14:     layout_stronghold, hangedman_decor_growths
D:15:     grunt_enter_depths_snipers, layout_long_grid,
          ebering_ghost_funeral_grove, hangedman_abyss_or_decor_slice,
          minmay_misc_feat_room, minmay_gold_behind_fungi, grunt_ministairs_5,
          chequers_serial_rivers_small_3, lightli_minifort, uniq_louise
Lair:1:   layout_hall_layers, serial_bayou_shore_b, grunt_megastairs_4,
          uniq_sonja
Lair:2:   layout_cave_shapes, skrybe_swamp_entry_bodies, grunt_megastairs_3
Lair:3:   layout_concentric_octagons, dummy_snake_entry,
          gammafunk_ghost_cemetery, nicolae_volcano_entry_vermiform,
          st_stairs_3, minivault_25, beast_lair_carwin_10, lemuel_fruit_tree
Lair:4:   layout_regular_city, uniq_nergalle
Lair:5:   layout_loops_ring, grunt_megastairs_2
Lair:6:   minmay_lair_end_enchanted_forest, layout_cave_pods,
          minmay_slime_entry_oklob_open, st_stairs_13, uniq_rupert
Swamp:1:  layout_basic_swamp, evilmike_swamp_ruin_wall, swamp_pool2,
          hangedman_swamp_pad
Orc:1:    layout_diamond_mine, serial_shops, nicolae_shop_crystal
Orc:2:    st_orc_elflike, layout_caves

Skill      XL: |  1  2  3  4  5  6  7  8  9 10 11 12 13 14 |
---------------+-------------------------------------------+-----
Stealth        | 1 2 3 4 6 7 9 10 11 13 14 | 14.0
Dodging        | 5 6 7 9 10 13 14 16 17 18 | 18.0
Fighting       | 4 5 6 8 10 11 12 13 14 | 14.3
Unarmed Combat | 4 5 7 8 10 11 12 13 14 | 14.3
Evocations     | 3 4 5 7 8 10 | 10.3

Action                   |  1- 3 |  4- 6 |  7- 9 | 10-12 | 13-15 || total
-------------------------+-------+-------+-------+-------+-------++-------
Melee: Unarmed           |    44 |   123 |   487 |   761 |   983 ||  2398
       Bite              |     4 |    12 |    53 |    84 |   144 ||   297
       Punch             |     2 |     2 |    18 |    42 |    73 ||   137
Invok: Berserk           |     1 |     5 |    16 |    28 |    31 ||    81
       Trog's Hand       |       |     3 |     2 |     2 |     2 ||     9
       Brothers in Arms  |       |       |     1 |     9 |    14 ||    24
 Abil: Evoke Flight      |       |       |       |       |     6 ||     6
Evoke: Wand              |       |       |     4 |    15 |       ||    19
       Tin of tremorston |       |       |     1 |       |       ||     1
       Box of beasts     |       |       |       |     4 |       ||     4
  Use: Scroll            |       |     8 |     6 |    13 |     9 ||    36
       Potion            |       |       |     1 |     6 |     4 ||    11
 Stab: Sleeping          |     3 |     5 |    11 |    42 |    46 ||   107
       Distracted        |       |       |     2 |     6 |     1 ||     9
       Betrayed ally     |       |       |       |     1 |       ||     1
       Invisible         |       |       |       |     2 |       ||     2
       Confused          |       |       |       |       |     1 ||     1
  Eat: Chunk             |     2 |    13 |    24 |    54 |    62 ||   155
       Ration            |       |     1 |       |     1 |       ||     2
Armor: Skin              |     1 |     7 |     7 |    17 |    21 ||    53
Dodge: Dodged            |    33 |   130 |   431 |   769 |  1030 ||  2393

Table legend:
 A = Non-vault XP
 B = Vault XP
 C = Vault XP percentage of total XP
 D = Non-vault monster count
 E = Vault monster count
 F = Vault count percentage of total count
                 A         B        C        D         E       F
            +---------+---------+-------+---------+---------+-------
      Total |   84185 |   44543 |  34.6 |     521 |     193 |  27.0
            +---------+---------+-------+---------+---------+-------
        D:1 |      19 |       0 |   0.0 |       9 |       0 |   0.0
        D:2 |      82 |       8 |   8.9 |       6 |       4 |  40.0
        D:3 |     261 |     326 |  55.5 |      28 |      15 |  34.9
        D:4 |     291 |       0 |   0.0 |      15 |       0 |   0.0
        D:5 |     787 |       0 |   0.0 |      27 |       0 |   0.0
        D:6 |     947 |      91 |   8.8 |      22 |       1 |   4.3
        D:7 |    1072 |    1523 |  58.7 |      13 |       9 |  40.9
        D:8 |    1111 |     229 |  17.1 |      24 |       2 |   7.7
        D:9 |    3688 |    4455 |  54.7 |      32 |      36 |  52.9
       D:10 |     406 |    1044 |  72.0 |      17 |      10 |  37.0
       D:11 |    3676 |       0 |   0.0 |      36 |       0 |   0.0
       D:12 |    8678 |    2076 |  19.3 |      44 |       2 |   4.3
       D:13 |    7065 |    1007 |  12.5 |      32 |       1 |   3.0
       D:14 |   11961 |       0 |   0.0 |      32 |       0 |   0.0
       D:15 |    8802 |    5469 |  38.3 |      25 |      11 |  30.6
     Lair:1 |    4479 |    1059 |  19.1 |      17 |       3 |  15.0
     Lair:2 |    3069 |     990 |  24.4 |      13 |       3 |  18.8
     Lair:3 |    3402 |    3335 |  49.5 |      16 |      10 |  38.5
     Lair:4 |    4617 |     820 |  15.1 |      17 |       1 |   5.6
     Lair:5 |    4698 |    1473 |  23.9 |      15 |       3 |  16.7
     Lair:6 |    3592 |   11910 |  76.8 |      16 |      49 |  75.4
    Swamp:1 |    5005 |       0 |   0.0 |      16 |       0 |   0.0
      Orc:1 |    4236 |       0 |   0.0 |      31 |       0 |   0.0
      Orc:2 |    2241 |    6891 |  75.5 |      18 |      25 |  58.1
    Volcano |       0 |    1837 | 100.0 |       0 |       8 | 100.0
            +---------+---------+-------+---------+---------+-------
